 Dungeon Crawl Stone Soup version 0.17-a0-1655-g88a8506 (webtiles) character file.

10554 MikeDS the Insei (level 11, -15/84 HPs)
             Began as a Demonspawn Monk on Aug 13, 2015.
             Was an Elder of Dithmenos.
             Shot with an arrow by a centaur warrior (22 damage)
             ... on level 12 of the Dungeon on Aug 15, 2015.
             The game lasted 02:59:53 (23052 turns).

MikeDS the Insei (Demonspawn Monk)                 Turns: 23052, Time: 02:59:54

Health: -15/84     AC: 10    Str: 12    XL:     11   Next: 37%
Magic:  24/24      EV: 22    Int: 12    God:    Dithmenos [****..]
Gold:   432        SH:  0    Dex: 28    Spells: 4 memorised, 8 levels left

rFire  + . .     SeeInvis .     a - +3 whip of Aramuwir {venom, +Rage}
rCold  + . .     Clarity  +     W - +3 ring mail of the Bard {rC+ MP+9}
rNeg   + . .     SustAt   .     (no shield)
rPois  .         Gourm    .     (helmet unavailable)
rElec  .         Spirit   .     J - +1 cloak
rCorr  .         Warding  .     (no gloves)
rMut   .         Stasis   .     (boots unavailable)
MR     +++..                    R - amulet of the Four Winds {Clar rN+ MR+++}
Stlth  ++++++++..               A - ring of stealth
                                F - +5 ring of dexterity

@: agile, wreathed by umbra, extremely resistant to hostile enchantments,
extraordinarily stealthy
A: claws 1, horns 3, talons 3, fire resistance 1, no device heal 1, flame cloud
immunity
a: Shadow Step, Renounce Religion, Evoke Berserk Rage


You were on level 12 of the Dungeon.
You worshipped Dithmenos.
Dithmenos was greatly pleased with you.
You were not hungry.

You visited 3 branches of the dungeon, and saw 17 of its levels.

You collected 1373 gold pieces.
You spent 941 gold pieces at shops.

Inventory:

Hand weapons
 a - the +3 whip of Aramuwir (weapon) {venom, +Rage}
   (You found it on level 5 of the Dungeon)

   It poisons the flesh of those it strikes.
   It lets you go berserk.
 b - a +0 longbow
 e - a +0 dagger
 i - a +1 dagger
 y - a +3 short sword
 K - a +2 dagger of venom
 T - a +0 arbalest
Missiles
 x - 3 tomahawks (quivered)
 I - 97 bolts
 L - 55 arrows
Armour
 d - a +0 leather armour
 r - a +0 ring mail of fire resistance
 u - a +3 leather armour
 G - a troll hide
 J - a +1 cloak (worn)
 W - the +3 ring mail of the Bard (worn) {rC+ MP+9}
   (You found it on level 7 of the Dungeon)

   It protects you from cold.
   It affects your magic capacity (+9).
Magical staves
 Q - an uncursed staff of wizardry
Jewellery
 p - an uncursed amulet of faith
 q - an uncursed ring of fire
 t - an uncursed amulet of stasis
 A - a ring of stealth (right claw)
 C - an uncursed ring of positive energy
 F - a +5 ring of dexterity (left claw)
 M - an uncursed amulet of clarity
 R - the amulet of the Four Winds (around neck) {Clar rN+ MR+++}
   (You bought it in a shop on level 2 of the Orcish Mines)

   [amulet of clarity]

   It provides mental clarity.
   It protects you from negative energy.
   It affects your resistance to hostile enchantments.
 U - an uncursed amulet of resist mutation
 X - an uncursed ring of positive energy
Magical devices
 o - a wand of digging (14)
 E - a wand of draining (9)
 N - a wand of digging (15)
 O - a wand of invisibility (4)
 S - a wand of frost (7)
Scrolls
 c - 2 scrolls of magic mapping
 h - 7 scrolls of recharging
 l - 13 scrolls of remove curse
 s - a scroll of fog
 B - a scroll of teleportation
 H - a scroll of amnesia
 Y - a scroll of torment
Potions
 f - a potion of agility
 k - a potion of lignification {unknown}
 v - a potion of berserk rage {unknown}
 w - 2 potions of cancellation
 D - 2 potions of ambrosia
Books
 g - a book of Debilitation

   Spells                             Type                      Level
   a - Corona                         Hexes                        1
   b - Slow                           Hexes                        2
   c - Gell's Gravitas                Hexes/Translocation          3
   d - Inner Flame                    Hexes/Fire                   3
   e - Cause Fear                     Hexes                        4
   f - Leda's Liquefaction            Hexes/Earth                  4
 j - a book of Callings

   Spells                             Type                      Level
   a - Summon Small Mammal            Summoning                    1
   b - Call Imp                       Summoning                    2
   c - Call Canine Familiar           Summoning                    3
   d - Summon Guardian Golem          Hexes/Summoning              3
   e - Summon Lightning Spire         Summoning/Air                4
   f - Summon Ice Beast               Ice/Summoning                4
 V - a book of Necromancy

   Spells                             Type                      Level
   a - Pain                           Necromancy                   1
   b - Animate Skeleton               Necromancy                   1
   c - Vampiric Draining              Necromancy                   3
   d - Regeneration                   Charms/Necromancy            3
   e - Animate Dead                   Necromancy                   4
   f - Control Undead                 Necromancy                   4
Comestibles
 m - 2 bread rations
 P - a fruit
 Z - 11 royal jellies


   Skills:
 + Level 7.4 Fighting
 - Level 2.4 Short Blades
 + Level 5.1 Maces & Flails
 - Level 1.0 Bows
 + Level 5.4 Throwing
 + Level 7.0 Dodging
 + Level 7.1 Stealth
 + Level 7.6 Unarmed Combat
 + Level 3.1 Spellcasting
 - Level 2.2 Hexes
 - Level 2.7 Summonings
 + Level 1.8 Necromancy
 - Level 3.6 Invocations
 + Level 2.7 Evocations


You had 8 spell levels left.
You knew the following spells:

 Your Spells              Type           Power        Failure   Level  Hunger
a - Corona                Hex            #......      28%         1    #......
b - Call Imp              Summ           #.......     28%         2    ###....
c - Cause Fear            Hex            #.........   100%        4    #####..
d - Animate Skeleton      Necr           N/A          28%         1    #......


Dungeon Overview and Level Annotations

Branches:
Dungeon (12/15)            Temple (1/1) D:6             Orc (4/4) D:9
    Elf (0/3) Orc:3
   Lair: D:8-11

Altars:
Ashenzari
Cheibriados
Dithmenos
Elyvilon
Fedhas
Gozag
Kikubaaqudgha
Makhleb
Nemelex Xobeh
Okawaru
Qazlal
Ru
Sif Muna
Trog
Vehumet
Xom
Yredelemnul
Zin
The Shining One

Shops:
Orc:2 =   Orc:3 %(:[

Annotations:
D:4 utis's ghost, experienced OgGl
D:5 Grinder
D:8 Psyche
D:9 Snorg
Orc:2 Maud
Orc:3 Nergalle


Innate Abilities, Weirdness & Mutations

You have sharp fingernails.
You have a pair of large horns on your head.
You have claws for feet.
Your flesh is heat resistant.
You are immune to clouds of flame.
Potions and wands are less effective at restoring your health.


Message History

The arrow hits you!
The centaur shoots an arrow.
The arrow hits you.
The centaur warrior shoots an arrow.
The arrow misses you.
You see here 3 arrows.
The centaur shoots an arrow.
The arrow barely misses you.
You see here an arrow.
Drink which item? (? for menu, Esc to quit)
You feel agile all of a sudden.
The centaur shoots an arrow.
The arrow misses you.
The centaur warrior shoots an arrow.
The arrow misses you.
The centaur shoots an arrow.
The arrow closely misses you.
The centaur warrior shoots an arrow.
The arrow completely misses you.
You see here an arrow.
The centaur shoots an arrow.
The arrow misses you.
There is an open door here.
The centaur shoots an arrow.
The arrow misses you.
The centaur warrior shoots an arrow.
The arrow hits you!!
* * * LOW HITPOINT WARNING * * *
You see here an arrow.
The centaur warrior shoots an arrow.
The arrow hits you!!
You die...

# # #.###..#
#......#######
#............#
#.......# #..#########
#.......# #..#...(...#
#....(..# #..#...(...#
#.......###..'.(@....#
#(.....cccc((####....#
##'########### ....#
..(((# ....# ..)(.#
....# .....# ....#
...(.# ##### ###### .#


You could see a centaur warrior and a centaur.

Vanquished Creatures
  An orc sorcerer (Orc:3)
  2 hill giants (D:12)
  Maurice (D:9)
  2 trolls
  Prince Ribbit (D:8)
  A trapdoor spider zombie (D:12)
  A wraith (D:11)
  2 wyverns
  A warg (Orc:3)
  A hippogriff (D:8)
  3 hungry ghosts
  2 ice beasts
  9 orc warriors
  4 swamp worms (D:12)
  7 ogres
  A phantom (D:9)
  2 necrophages
  A wasp (D:10)
  3 centaurs
  3 crocodiles
  13 big kobolds (D:8)
  A brain worm (D:12)
  4 giant frogs
  2 scorpions (D:9)
  3 wights (D:10)
  12 killer bees
  2 crimson imps
  An electric eel (D:8)
  A giant frog zombie (D:8)
  3 quasits
  10 orc priests
  6 jellies
  Crazy Yiuf (D:2)
  2 centaur skeletons
  5 iguanas
  14 orc wizards
  6 hounds
  7 worker ants
  A hound zombie (D:6)
  A hound skeleton (D:10)
  A worker ant zombie (D:9)
  14 adders
  7 gnolls
  2 shadow imps
  2 river rats (D:6)
  5 oozes (D:8)
  An adder skeleton (D:5)
  13 worms
  5 giant geckos
  122 orcs
  15 bats
  6 giant cockroaches
  7 hobgoblins
  11 jackals
  30 kobolds
  4 quokkas
  7 ball pythons
  A giant cockroach zombie (D:6)
  A giant gecko skeleton (D:4)
  2 giant newts
  9 goblins
  A quokka skeleton (D:10)
  9 rats
  2 fungi (D:2)
  A plant (D:12)
421 creatures vanquished.

Vanquished Creatures (collateral kills)
  A troll (D:12)
1 creature vanquished.

Vanquished Creatures (others)
  A hound zombie (D:10)
  An orc (D:9)
  A plant (D:12)
3 creatures vanquished.

Grand Total: 425 creatures vanquished

Notes
Turn   | Place    | Note
--------------------------------------------------------------
     0 | D:1      | MikeDS the Demonspawn Monk began the quest for the Orb.
     0 | D:1      | Reached XP level 1. HP: 18/18 MP: 1/1
   515 | D:1      | Gained mutation: You have sharp toenails. [demonic ancestry]
   515 | D:1      | Reached XP level 2. HP: 24/24 MP: 2/2
   959 | D:1      | Gained mutation: Your flesh is heat resistant. [demonic ancestry]
   959 | D:1      | Reached XP level 3. HP: 8/29 MP: 3/3
  1398 | D:1      | Reached skill level 4 in Unarmed Combat
  1850 | D:2      | Reached skill level 1 in Short Blades
  2545 | D:2      | Gained mutation: You have razor-sharp toenails. [demonic ancestry]
  2545 | D:2      | Reached XP level 4. HP: 35/35 MP: 4/4
  2811 | D:2      | Found a faded altar to an unknown god.
  3582 | D:2      | Reached skill level 1 in Bows
  3602 | D:2      | Noticed Crazy Yiuf
  3647 | D:3      | Gained mutation: You have claws for feet. [demonic ancestry]
  3647 | D:3      | Reached XP level 5. HP: 31/41 MP: 5/5
  4410 | D:5      | Entered Level 5 of the Dungeon
  4433 | D:4      | Found a shadowy altar of Dithmenos.
  4440 | D:4      | Became a worshipper of Dithmenos the Shadowed
  4440 | D:4      | Acquired Dithmenos's first power
  4449 | D:4      | Found a sparkling altar of Nemelex Xobeh.
  4498 | D:4      | Noticed utis's ghost (experienced OgGl)
  4587 | D:4      | Found a snail-covered altar of Cheibriados.
  4870 | D:4      | Noticed an ogre
  5018 | D:5      | Noticed a centaur
  5052 | D:5      | Noticed Grinder
  5231 | D:2      | Killed Crazy Yiuf
  5511 | D:4      | Killed an ogre
  5511 | D:4      | Reached XP level 6. HP: 46/48 MP: 6/6
  5883 | D:4      | Reached skill level 1 in Throwing
  6258 | D:5      | Killed a centaur
  6273 | D:5      | Got a brightly glowing whip
  6274 | D:5      | Identified the +3 whip of Aramuwir {venom, +Rage} (You found it on level 5 of the Dungeon)
  6630 | D:4      | Gained mutation: You passively map a small area around you. [potion of mutation]
  6630 | D:4      | Gained mutation: Potions and wands are less effective at restoring your health. [potion of mutation]
  6630 | D:4      | Gained mutation: Your skin changes colour to match your surroundings (Stealth). [potion of mutation]
  6631 | D:4      | Lost mutation: You passively map a small area around you. [potion of mutation]
  6631 | D:4      | Lost mutation: Your skin changes colour to match your surroundings (Stealth). [potion of mutation]
  6631 | D:4      | Gained mutation: You have a pair of small horns on your head. [potion of mutation]
  7078 | D:6      | Gained mutation: You have sharp fingernails. [demonic ancestry]
  7078 | D:6      | Reached XP level 7. HP: 47/54 MP: 7/7
  7348 | D:6      | Found a staircase to the Ecumenical Temple.
  7981 | D:6      | Reached skill level 1 in Maces & Flails
  8236 | D:6      | Reached skill level 5 in Unarmed Combat
  9102 | Temple   | Entered the Ecumenical Temple
  9367 | D:7      | Reached XP level 8. HP: 54/61 MP: 8/8
  9628 | D:7      | Got a distressingly furry ring mail
  9639 | D:7      | Identified the +3 ring mail of the Bard {rC+ MP+9} (You found it on level 7 of the Dungeon)
  9783 | D:7      | Acquired Dithmenos's second power
 10408 | D:8      | Reached skill level 5 in Fighting
 10680 | D:7      | Reached skill level 5 in Dodging
 10680 | D:7      | Reached skill level 5 in Stealth
 11131 | D:8      | Gained mutation: You are immune to clouds of flame. [demonic ancestry]
 11131 | D:8      | Reached XP level 9. HP: 51/68 MP: 9/9
 11293 | D:8      | Reached skill level 6 in Unarmed Combat
 11374 | D:8      | Noticed Prince Ribbit
 11405 | D:8      | Killed Prince Ribbit
 11803 | D:8      | Noticed Psyche
 11981 | D:8      | Upgraded the game from 0.17-a0-1650-gce8475a to 0.17-a0-1655-g88a8506
 12162 | D:8      | Acquired Dithmenos's third power
 12280 | D:8      | Reached skill level 1 in Invocations
 13024 | D:10     | Entered Level 10 of the Dungeon
 13055 | D:9      | Gained mutation: You have a pair of horns on your head. [demonic ancestry]
 13055 | D:9      | Reached XP level 10. HP: 61/76 MP: 11/11
 13165 | D:9      | Learned a level 4 spell: Cause Fear
 13167 | D:9      | Learned a level 1 spell: Corona
 13196 | D:9      | Learned a level 2 spell: Call Imp
 13826 | D:9      | Reached skill level 1 in Summonings
 14098 | D:9      | Found a staircase to the Orcish Mines.
 14717 | D:9      | Reached skill level 1 in Hexes
 14760 | Orc:1    | Entered Level 1 of the Orcish Mines
 15067 | D:8      | Reached skill level 1 in Spellcasting
 15180 | D:10     | Noticed a hill giant
 15256 | D:9      | Reached skill level 1 in Evocations
 15461 | Orc:1    | Noticed Maurice
 16052 | D:9      | Reached skill level 7 in Unarmed Combat
 16228 | D:9      | Killed Maurice
 16411 | D:9      | Acquired Dithmenos's fourth power
 16906 | Orc:1    | Noticed Snorg
 17768 | Orc:2    | Reached skill level 5 in Throwing
 17813 | Orc:3    | Found Arimeot's Food Emporium.
 18088 | Orc:2    | Found Foepatsa's Jewellery Emporium.
 18423 | Orc:3    | Found Sagoupe's Antique Weapon Emporium.
 18659 | Orc:3    | Found Efipn's Antique Armour Shoppe.
 18830 | Orc:4    | Entered Level 4 of the Orcish Mines
 19284 | Orc:3    | Found a staircase to the Elven Halls.
 19376 | Orc:3    | Found Qashresh's Book Shoppe.
 19392 | Orc:3    | Bought a book of Necromancy for 390 gold pieces
 19394 | Orc:3    | Learned a level 1 spell: Animate Skeleton
 19501 | Orc:3    | Noticed Nergalle
 19561 | Orc:3    | Noticed an orc sorcerer
 19781 | Orc:3    | Paralysed by an orc sorcerer for 5 turns
 19785 | Orc:3    | Noticed an orc high priest
 19799 | Orc:3    | Paralysed by an orc sorcerer for 3 turns
 19852 | Orc:4    | Noticed Maud
 19882 | Orc:3    | Paralysed by an orc sorcerer for 3 turns
 19887 | Orc:3    | Killed an orc sorcerer
 19948 | Orc:3    | Noticed a deep elf summoner
 20066 | Orc:2    | Gained mutation: You have a pair of large horns on your head. [demonic ancestry]
 20066 | Orc:2    | Reached XP level 11. HP: 45/84 MP: 14/14
 20567 | Orc:2    | Bought the amulet of the Four Winds {Clar rN+ MR+++} for 551 gold pieces
 20684 | Orc:3    | Noticed a soul eater
 20828 | Orc:3    | Noticed an ice devil
 21360 | D:10     | Reached skill level 1 in Necromancy
 22193 | D:12     | Reached skill level 5 in Maces & Flails
 22256 | D:12     | Noticed a hill giant
 22271 | D:12     | Killed a hill giant
 22353 | D:12     | Noticed a hill giant
 22371 | D:12     | Killed a hill giant
 23037 | D:12     | Noticed a centaur warrior
 23052 | D:12     | Shot with an arrow by a centaur warrior

Vault maps used:
D:1:      dpeg_arrival_three_same_balls
D:2:      ecumenical_altar_1, minmay_shallow_snake_nest, uniq_crazy_yiuf_cottage
D:3:      minmay_bad_closet
D:4:      kennysheep_mini, amethyst_overflow_temple_binary, first_bread
D:5:      uniq_grinder
D:6:      minmay_temple_entry_hall, gup_sewer_entry_spiral
D:8:      special_room, hangedman_little_slice_of_home, minivault_4,
          uniq_psyche, uniq_prince_ribbit1
D:9:      david_orc_2
D:11:     erik_lair_island, uniq_gastronok, uniq_urug, uniq_erolcha
D:12:     worms_lemuel
Temple:   nicolae_temple_elliptical
Orc:1:    uniq_maurice, uniq_snorg
Orc:2:    serial_shops, nicolae_shop_trees, uniq_josephine
Orc:3:    serial_shops, nicolae_shop_window_shopping,
          nicolae_shop_competitors_out_of_business, nicolae_shop_stone, shop,
          nicolae_orc_pool_cavern, uniq_nergalle
Orc:4:    st_orc_ogre_mass, hangedman_minor_magic, uniq_maud

Action                   |  1- 3 |  4- 6 |  7- 9 | 10-12 || total
-------------------------+-------+-------+-------+-------++-------
Melee: Unarmed           |    16 |       |       |     1 ||    17
       Dagger            |   226 |   136 |    15 |       ||   377
       Whip              |       |    23 |   398 |   625 ||  1046
 Fire: Hand crossbow     |       |     5 |    15 |    23 ||    43
       Longbow           |       |       |       |    12 ||    12
Throw: Stone             |    14 |     9 |     4 |       ||    27
       Tomahawk          |       |     8 |    34 |    41 ||    83
       Throwing net      |       |       |       |     2 ||     2
 Cast: Call Imp          |       |       |       |     8 ||     8
       Corona            |       |       |       |     8 ||     8
 Abil: Evoke Berserk Rag |       |       |       |     3 ||     3
Evoke: Wand              |       |       |       |     1 ||     1
  Use: Scroll            |     3 |     6 |     2 |    15 ||    26
       Potion            |       |     8 |       |     4 ||    12
 Stab: Sleeping          |     4 |    10 |    16 |    13 ||    43
       Distracted        |       |     2 |       |    12 ||    14
       Held in net/web   |       |       |       |     2 ||     2
  Eat: Meat ration       |     1 |     2 |     2 |       ||     5
       Chunk             |       |     3 |     3 |    23 ||    29
       Beef jerky        |       |     1 |     1 |       ||     2
       Bread ration      |       |       |     2 |     1 ||     3
       Fruit             |       |       |       |     7 ||     7
       Pizza             |       |       |       |     1 ||     1
